AoeStats
← Malelf

Arabia

508293548Analyzed
1v1 RM · 10d ago on Sep 21, 2026· 54m 44s· 2 players
Game mode
Random Map
Map size
Tiny (2 player)
Population
200
Speed
Normal
Resources
Standard
Victory
Conquest
Starting age
Dark Age
Ending age
Imperial Age
RankedLock teamsTeams togetherTeam positionsShared explorationLock speedFull tech treeHidden civsTurbo modeCheats
Victory
Defeat
🇮🇹 Khitans · Italy
1704
+21
🇪🇸 Poles · Spain
1821
-21
Malelf
7:04 Loom
9:54 Feudal Age
10:26 Double-Bit Axe
14:09 Domestication
21:16 Castle Age
19:32 Gold Mining
19:48 Fletching
20:04 Padded Archer Armor
21:22 Crossbowman
21:58 Bodkin Arrow
22:35 Bow Saw
23:00 Pastoralism
23:37 Leather Archer Armor
24:26 Ballistics
27:16 Forging
27:41 Town Watch
28:05 Light Cavalry
29:18 Scale Barding Armor
30:39 Wheelbarrow
31:24 Iron Casting
32:04 Stone Mining
32:45 Chain Barding Armor
32:32 Husbandry
32:49 Hand Cart
35:43 Imperial Age
33:36 Elite Skirmisher
34:22 Thumb Ring
37:28 Chemistry
36:34 Bracer
37:46 Two-Man Saw
37:34 Hussar
39:55 Transhumance
40:58 Stone Shaft Mining
41:28 Plate Barding Armor
41:24 Ring Archer Armor
41:20 Masonry
40:55 Heavy Camel Rider
44:19 Siege Engineers
47:09 Murder Holes
46:55 Treadmill Crane
48:24 Conscription
48:13 Ordo Cavalry
48:32 Conscription
48:22 Lamellar Armor
51:00 Guilds
Crom
7:05 Loom
9:49 Feudal Age
10:24 Double-Bit Axe
10:36 Horse Collar
15:42 Wheelbarrow
21:30 Castle Age
19:51 Gold Mining
20:09 Fletching
21:05 Padded Archer Armor
21:33 Crossbowman
22:09 Bodkin Arrow
22:27 Bow Saw
22:11 Town Watch
23:11 Heavy Plow
23:57 Leather Archer Armor
24:35 Ballistics
25:24 Leather Archer Armor
25:57 Thumb Ring
27:03 Elite Skirmisher
32:13 Imperial Age
32:56 Bracer
32:18 Arbalester
33:09 Thumb Ring
34:31 Chemistry
37:29 Conscription
37:47 Scale Barding Armor
37:55 Bloodlines
39:17 Chain Barding Armor
39:08 Forging
38:19 Light Cavalry
38:59 Husbandry
39:34 Winged Hussar
42:51 Iron Casting
46:23 Lechitic Legacy
47:26 Crop Rotation
Connection lost

Rejoining the realm…

Still unreachable

The connection could not be restored.

Session expired

The server has moved on; the page needs a fresh start.